 Dungeon Crawl Stone Soup version 0.25.1-11-g244df3a29b (webtiles) character file.

Game seed: 12768662636209710638

305 Acheron the Magician (level 6, 0/43 HPs)
             Began as a Mummy Wizard on Sept 15, 2022.
             Was an Initiate of Nemelex Xobeh.
             Slain by an orc priest
             ... wielding a +0 flail
              (11 damage)
             ... on level 6 of the Dungeon.
             The game lasted 00:37:06 (4898 turns).

Acheron the Magician (Mummy Wizard)                 Turns: 4898, Time: 00:37:07

Health: 0/43       AC:  5    Str: 10    XL:     6   Next: 16%
Magic:  18/23      EV: 11    Int: 18    God:    Nemelex Xobeh [......]
Gold:   226        SH:  3    Dex: 12    Spells: 9/16 levels left

rFire    x . .     SeeInvis .   k - +3 long sword
rCold    + . .     Gourm    .   r - +0 buckler
rNeg     + + +     Faith    .   a - +0 robe
rPois    ∞         Spirit   .   f - +1 helmet
rElec    .         Reflect  .   (no cloak)
rCorr    .         Harm     .   (no gloves)
MR       .....                  j - +0 pair of boots
Stlth    ++........             (no amulet)
HPRegen  0.14/turn              q - ring of magical power
MPRegen  0.18/turn              (no ring)

@: very slightly contaminated
A: no food or potions, fire vulnerability, cold resistance 1, negative energy
resistance 3, torment resistance, unbreathing
a: Draw Escape, Draw Destruction, Draw Summoning, Renounce Religion


You were on level 6 of the Dungeon.
You worshipped Nemelex Xobeh.
Nemelex Xobeh was noncommittal.
You were not hungry.

You visited 2 branches of the dungeon, and saw 7 of its levels.

You collected 226 gold pieces.

Inventory:

Hand Weapons
 e - a +0 mace
 h - a +0 short sword
 k - a +3 long sword (weapon)
Missiles
 d - 25 poisoned darts (quivered)
 o - 4 javelins
Armour
 a - a +0 robe (worn)
 b - a +0 hat
 f - a +1 helmet (worn)
 j - a +0 pair of boots (worn)
 n - a +0 leather armour
 r - a +0 buckler (worn)
 s - a +1 leather armour of poison resistance
Jewellery
 q - a ring of magical power (left hand)
Wands
 l - a wand of enslavement (6)
Scrolls
 c - a scroll of amnesia
 g - a scroll of remove curse {unknown}
 i - a scroll of noise {unknown}
 m - a scroll of teleportation


   Skills:
 * Level 1.3 Fighting
 + Level 0.4(0.6) Short Blades
 * Level 0.6(0.8) Long Blades
 + Level 0.1 Maces & Flails
 * Level 0.4 Throwing
 * Level 2.0 Dodging
 * Level 2.0 Stealth
 * Level 0.2 Shields
 * Level 5.7 Spellcasting
 * Level 1.7 Conjurations
 * Level 1.1 Hexes
 * Level 1.6 Summonings
 * Level 1.3 Translocations
 * Level 0.6 Evocations


You had 9 spell levels left.
You knew the following spells:

 Your Spells              Type           Power        Failure   Level  Hunger
a - Magic Dart            Conj           ##..         10%         1    N/A
b - Blink                 Tloc           N/A          19%         2    N/A
c - Call Imp              Summ           ##......     16%         2    N/A
d - Slow                  Hex            #.......     19%         2    N/A

Your spell library contained the following spells:

 Spells                   Type           Power        Failure   Level  Hunger
 Conjure Flame            Conj/Fire      #.......     38%         3    N/A
 Mephitic Cloud           Conj/Pois/Air  #.......     43%         3    N/A

Dungeon Overview and Level Annotations

Branches:
Dungeon (6/15)             Temple (1/1) D:6

Altars:
Cheibriados
Dithmenos
Elyvilon
Fedhas
Gozag
Hepliaklqana
Makhleb
Nemelex Xobeh
Ru
Sif Muna
Uskayaw
Vehumet
Wu Jian
Xom
Yredelemnul
Zin
The Shining One

Annotations:
D:1 exclusion: downstairs
D:5 exclusion: upstairs, Duvessa
D:6 Prince Ribbit


Innate Abilities, Weirdness & Mutations

You do not eat or drink.
Your flesh is vulnerable to fire.
You are immune to poison.
Your flesh is cold resistant. (rC+)
You are immune to negative energy. (rN+++)
You are immune to unholy pain and torment.
You can survive without breathing.


Message History

You are very lightly contaminated with residual magic.
Nothing appears to happen.
The orc warrior hits you with a +0 war axe!!
Ouch! That really hurt!
* * * LOW HITPOINT WARNING * * *
Casting: Blink (safe; 19% risk of failure)
Confirm with . or Enter, or press ? or * to list all spells.
You blink.
An orc priest comes into view. It is wielding a +0 flail.
You draw a card...
You have drawn Pain.
Press: ? - help, Shift-Dir - straight line, f - orc priest, p - orc warrior
Aim: an orc priest, wielding a +0 flail and wearing a +0 scale mail The orc priest convulses!
You block the orc priest's attack.
You draw a card...
You have drawn the Pentagram.
The orc priest misses you.
You barely miss the orc priest.
The orc priest is heavily wounded.
The orc priest hits you with a +0 flail!
You die...
Your body disappears without a glow.

.....###
...(###................
....#.......... ..#...# .
#............##.###...
#.##..........##.!.###...
...................##..##
.....................###
#..#.h..........#...##
#...@o4.......###....
#.#.##......#.###.>.. ##..
#..###......##....# ##.o.
##..# ####....##...# ##)..#
#.[## ##......##..# # # ....#
#.######......#..#.# #.#.
...# #.#..#..............
....
#o#####.#.................
#..#..##..§#..#..............


You could see an orc priest, a friendly red devil (summoned) and a friendly hell
hound (summoned).

Vanquished Creatures
  An ogre (D:4)
  A crimson imp (D:6)
  An orc wizard (D:6)
  3 adders
  A worm (D:3)
  A dart slug (D:1)
  3 leopard geckos
  2 orcs
  3 bats
  4 giant cockroaches
  8 goblins
  5 hobgoblins
  7 jackals
  4 kobolds
  2 quokkas
  4 ball pythons
  14 frilled lizards
  5 rats
69 creatures vanquished.

Vanquished Creatures (collateral kills)
  A scorpion (D:2)
  A crimson imp (D:5)
  A hound skeleton (D:4)
  6 adders
  A shadow imp (D:6)
  2 worms
  A leopard gecko (D:3)
  A bat (D:3)
  3 goblins
  2 jackals (D:3)
  A kobold (D:3)
20 creatures vanquished.

Grand Total: 89 creatures vanquished

Notes
Turn   | Place    | Note
-------+----------+-------------------------------------------
     0 | D:1      | Acheron the Mummy Wizard began the quest for the Orb.
     0 | D:1      | Reached XP level 1. HP: 13/13 MP: 5/5
   491 | D:1      | Reached XP level 2. HP: 13/20 MP: 0/7
   771 | D:1      | Reached skill level 1 in Conjurations
   828 | D:1      | Learned a level 2 spell: Blink
   831 | D:1      | Learned a level 2 spell: Call Imp
  1094 | D:2      | Found a sacrificial altar of Ru.
  1107 | D:2      | Reached XP level 3. HP: 5/25 MP: 1/9
  1369 | D:3      | Learned a level 2 spell: Slow
  1619 | D:2      | Noticed a scorpion
  1809 | D:2      | Reached skill level 5 in Spellcasting
  2118 | D:2      | Reached XP level 4. HP: 30/31 MP: 11/11
  2146 | D:2      | Reached skill level 1 in Translocations
  2163 | D:2      | Found a faded altar of an unknown god.
  2250 | D:2      | Reached skill level 1 in Fighting
  2250 | D:2      | Reached skill level 1 in Summonings
  2644 | D:5      | Entered Level 5 of the Dungeon
  3014 | D:3      | Reached XP level 5. HP: 24/37 MP: 9/12
  3682 | D:4      | Found an ornate altar of the Wu Jian Council.
  3682 | D:4      | Found a shimmering blue altar of Sif Muna.
  3682 | D:4      | Found a radiant altar of Vehumet.
  3682 | D:4      | Found a shadowy altar of Dithmenos.
  3684 | D:4      | Found a glowing golden altar of the Shining One.
  3716 | D:4      | Found a blossoming altar of Fedhas.
  3716 | D:4      | Found a hide-covered altar of Uskayaw.
  3718 | D:4      | Noticed an ogre
  3775 | D:5      | Noticed an ogre
  3915 | D:5      | Noticed Duvessa
  4002 | D:4      | Killed an ogre
  4002 | D:4      | Reached skill level 1 in Hexes
  4308 | D:4      | Noticed a slave
  4310 | D:4      | Noticed a slave
  4311 | D:4      | Noticed a slave
  4465 | D:6      | Found a staircase to the Ecumenical Temple.
  4478 | Temple   | Entered the Ecumenical Temple
  4605 | Temple   | Became a worshipper of Nemelex Xobeh the Trickster
  4640 | D:6      | Noticed Prince Ribbit
  4707 | D:6      | Received a gift from Nemelex Xobeh
  4755 | D:6      | Reached XP level 6. HP: 32/43 MP: 14/14
  4845 | D:6      | Noticed an orc warrior
  4898 | D:6      | Slain by an orc priest

Illustrated notes

Levels and vault maps discovered:
D:1:      saegor_arrival_simple_a, layout_loops_ring
D:2:      kennysheep_the_goblin_king, layout_loops_ring,
          nicolae_ru_awakened_eye, chequers_ecumenical_altar_island,
          minmay_lizard_king
D:3:      layout_loops_ring, serial_rivers, chequers_serial_rivers_marsh,
          chequers_serial_rivers_room_b, chequers_serial_rivers_marsh,
          chequers_serial_rivers_large_b, chequers_serial_rivers_micro_b
D:4:      layout_gridville, grunt_temple_overflow_open, first_ration,
          kennysheep_generic_room_7, uniq_pikel
D:5:      layout_loops_cross, sigmund_edmund_badplayer, uniq_duvessa
D:6:      layout_cave_pools, okawaru_gym_becter, minmay_temple_entry_wispy,
          uniq_prince_ribbit1
Temple:   nicolae_temple_figure_zero

Skill      XL: |  1  2  3  4  5 |
---------------+----------------+-----
Conjurations   | 1 |  1.7
Spellcasting   | 5 |  5.7
Translocations | 1 |  1.3
Fighting       | 1 |  1.3
Summonings     | 1 |  1.6
Dodging        | 2 |  2.0
Stealth        | 2 |  2.0
Hexes          | 1 |  1.1
Short Blades   | |  0.4
Long Blades    | |  0.6
Maces & Flails | |  0.1
Throwing       | |  0.4
Shields        | |  0.2
Evocations     | |  0.6

Action                   |  1- 3 |  4- 6 || total
-------------------------+-------+-------++-------
Melee: Mace              |    29 |       ||    29
       Short sword       |    47 |    19 ||    66
       Long sword        |       |    65 ||    65
Throw: Dart              |       |     1 ||     1
 Cast: Magic Dart        |    49 |    16 ||    65
       Call Imp          |    12 |    37 ||    49
       Blink             |       |     3 ||     3
Invok: Draw Destruction  |       |     1 ||     1
       Draw Summoning    |       |     1 ||     1
  Use: Scroll            |     3 |     7 ||    10
 Stab: Sleeping          |       |     2 ||     2
Armor: Robe              |    26 |    31 ||    57
Dodge: Dodged            |    56 |    72 ||   128
Block: Buckler           |       |     5 ||     5
       Rpst.: Long sword |       |    21 ||    21
